[Event "DFMMLV 2017"]
[Site "Braunfels"]
[Date "2017.06.17"]
[Round "4"]
[White "Ambartsumova, Karina"]
[Black "Steimbach, Isabel"]
[Result "1-0"]
[ECO "D31"]
[WhiteElo "2318"]
[BlackElo "1972"]
[Annotator "NA"]
[PlyCount "95"]
[EventDate "2017.??.??"]
[EventType "team-tourn"]
[EventCountry "GER"]
[SourceTitle "playchess.com"]
[Source "ChessBase"]
[SourceQuality "1"]
[TimeControl "40/5400+30:1800+30"]

1. d4 d5 2. c4 e6 3. Nc3 Be7 4. Bf4 Nf6 5. e3 O-O 6. a3 c6 7. Nf3 Nbd7 {[%emt 0:00:39] D37: Queen's Gambit Declined: 5 Bf4} 8. Bd3 (8. Rc1 b6 9. Bd3 dxc4 10. Bxc4 Bb7 11. O-O a6 12. e4 b5 13. Ba2 Rc8 14. e5 Nd5 15. Nxd5 cxd5 16. Rxc8 Qxc8 {1-0 (30) Mamedyarov,S (2761)-Tomashevsky,E (2731) Moscow 2016}) 8... dxc4 9. Bxc4 Nb6 (9... b5 $5 10. Bd3 a6 $14) 10. Bd3 Nbd5 11. Bg3 Nxc3 12. bxc3 Qa5 $146 ({Predecessor:} 12... b6 13. e4 Bb7 14. c4 Nh5 15. Be5 {1-0 (45) Knezevic,M (2420)-Rakay,K (2200) Stary Smokovec 1974}) 13. Qc2 Nd5 ({Black should play} 13... c5 $14) 14. O-O Qxc3 15. Bxh7+ Kh8 16. Qxc3 Nxc3 17. Bd3 Bd7 18. Ne5 Be8 19. Rfc1 Na4 20. Rcb1 ({White should try} 20. Rab1 $16 Bxa3 21. Rc2) 20... b6 21. Rc1 c5 {[%emt 0:01:09] [#]} 22. Be4 $1 Rd8 (22... Rc8 $16 {might work better.}) 23. Nc6 Bxc6 24. Bxc6 Nb2 25. Rc2 cxd4 26. Rxb2 dxe3 27. Re2 exf2+ 28. Bxf2 Rd3 29. a4 Rfd8 30. Bb5 R3d5 31. Rc1 Bd6 32. g3 g6 33. Bc4 Rh5 34. Rd1 Be7 35. Rxd8+ Bxd8 36. Rd2 Bf6 37. Rd7 Ra5 38. Bb5 Bc3 39. Rxf7 Kg8 40. Rc7 Bb4 41. Kf1 Kf8 42. Ke2 Kg8 43. Rc4 Bf8 44. Be1 a6 45. Bxa5 axb5 $18 46. axb5 bxa5 47. Rc8 Kf7 48. Rxf8+ 1-0

[Event "DFMMLV 2017"]
[Site "Braunfels"]
[Date "2017.06.17"]
[Round "4"]
[White "Plass, Mariana-Camelia"]
[Black "Belenkaya, Dina"]
[Result "0-1"]
[ECO "D20"]
[WhiteElo "2078"]
[BlackElo "2306"]
[Annotator "ChessBase"]
[PlyCount "84"]
[EventDate "2017.??.??"]
[EventType "team-tourn"]
[EventCountry "GER"]
[SourceTitle "playchess.com"]
[Source "ChessBase"]
[SourceQuality "1"]
[TimeControl "40/5400+30:1800+30"]

1. d4 d5 2. c4 dxc4 3. e3 Nf6 4. Bxc4 e6 5. Nf3 a6 6. a4 c5 7. O-O Nc6 8. Nc3 Be7 9. dxc5 Bxc5 10. Qxd8+ Kxd8 11. Rd1+ Ke7 12. e4 Ng4 13. Bg5+ f6 14. Bh4 Bd7 15. Rd2 Nge5 16. Nxe5 Nxe5 17. Rad1 Bc6 18. Bb3 h5 19. Bg3 h4 20. Bxe5 fxe5 21. h3 Rhf8 22. Kf1 Be3 23. Rc2 Bd4 24. f3 Rad8 25. Ke2 Bb6 26. Na2 Rxd1 27. Kxd1 Ba5 28. Rc5 Rd8+ 29. Kc2 Be1 30. Rxe5 Rd2+ 31. Kc1 Bd7 32. Rg5 Kf6 33. f4 Rf2 34. e5+ Kf7 35. Kd1 Bd2 36. Rf5+ Ke8 37. Rg5 Bxf4 38. Rxg7 Rxb2 39. Bc4 Bxa4+ 40. Ke1 Bg3+ 41. Kf1 Rc2 42. Rxb7 Rxc4 0-1

[Event "DFMMLV 2017"]
[Site "Braunfels"]
[Date "2017.06.17"]
[Round "4"]
[White "Winterholler, Christina"]
[Black "Poetsch, Leonore"]
[Result "1-0"]
[ECO "C00"]
[WhiteElo "2064"]
[BlackElo "1959"]
[Annotator "NA"]
[PlyCount "86"]
[EventDate "2017.??.??"]
[EventType "team-tourn"]
[EventCountry "GER"]
[SourceTitle "playchess.com"]
[Source "ChessBase"]
[SourceQuality "1"]
[TimeControl "40/5400+30:1800+30"]

1. e4 e6 2. d3 d5 3. Nd2 Nf6 4. g3 c5 5. Bg2 (5. e5 $5 Nfd7 6. f4 $11) 5... Nc6 6. Ngf3 Bd6 7. O-O O-O 8. Re1 {[%emt 0:01:30] LiveBook: 24 Games} Qc7 9. b3 {[%emt 0:02:57] A08: King's Indian Attack} (9. Qe2 Nd7 10. c3 b6 11. Nh4 d4 12. f4 Be7 13. e5 Bxh4 14. gxh4 dxc3 15. bxc3 Bb7 16. Bb2 Ne7 17. Ne4 {½-½ (47) Mkrtchian,L (2453)-Franciskovic,B (2318) Tromsoe 2014}) 9... d4 10. Nc4 e5 11. Nfxe5 $146 ({Predecessor:} 11. Nxd6 Qxd6 12. a4 Bd7 13. Bd2 h6 14. a5 b5 15. axb6 axb6 16. Qe2 Rfe8 {½-½ (41) Denisov,A-Pazukhin,V Nizhnij Novgorod 2010}) 11... Nxe5 12. Nxd6 Qxd6 13. f4 Bg4 14. fxe5 Qxe5 15. Qd2 Rfe8 16. Qf2 g5 17. Rf1 Kg7 18. Ba3 Rac8 19. Rac1 Be6 20. Bf3 Bh3 21. Rfe1 Bg4 {[%emt 0:02:30] [#]} (21... b5 $11) 22. Bb2 $1 b5 (22... Bh3 $142) 23. c3 Rcd8 24. cxd4 cxd4 25. Rc6 Re6 26. Rec1 Rxc6 27. Rxc6 h5 (27... Bxf3 $16 28. Qxf3 a5) 28. Ba3 Bxf3 29. Rc5 Ng4 30. Qxf3 Qf6 31. Rf5 Qg6 32. Be7 Rc8 33. Bxg5 f6 34. Bf4 h4 35. h3 Ne5 36. Bxe5 fxe5 37. g4 (37. Rxe5 $16 Rc1+ 38. Kg2) 37... Rc1+ 38. Kf2 Rc2+ 39. Ke1 Rxa2 40. Rxe5 $11 Ra1+ 41. Kd2 Ra2+ (41... Qd6 $5 42. Rg5+ $8 Kh6 43. Rh5+ Kg7 44. Rg5+ Kh8 45. Rh5+ Kg7 46. Rg5+ $11) 42. Kd1 Ra1+ 43. Kd2 Ra2+ $11 {[%emt 0:00:00] Qd1} 1-0

[Event "DFMMLV 2017"]
[Site "Braunfels"]
[Date "2017.06.17"]
[Round "4"]
[White "Fuchs, Antje"]
[Black "Clopes Llahi, Judit"]
[Result "1/2-1/2"]
[ECO "B28"]
[WhiteElo "2052"]
[BlackElo "2122"]
[Annotator "NA"]
[PlyCount "43"]
[EventDate "2017.??.??"]
[EventType "team-tourn"]
[EventCountry "GER"]
[SourceTitle "playchess.com"]
[Source "ChessBase"]
[SourceQuality "1"]
[TimeControl "40/5400+30:1800+30"]

1. e4 c5 2. Nf3 a6 3. c3 d5 4. exd5 Qxd5 5. d4 Nc6 6. Be2 {[%emt 0:01:59] B28: Sicilian: 2 Nf3 a6 (O'Kelly Variation)} cxd4 7. cxd4 e6 8. O-O Nf6 {[%emt 0:00:58] LiveBook: 19 Games} 9. Nc3 {Predecessor:} Qd6 $146 10. Bg5 (10. Be3 Be7 11. Nd2 Nd5 12. Nde4 Qd8 13. Nxd5 exd5 14. Nc5 O-O 15. Rc1 f5 16. Nd3 Bd6 17. f4 Qb6 18. Kh1 Be6 {½-½ (39) Leko,P (2731)-Morozevich,A (2724) Moscow 2014}) 10... Be7 11. Rc1 O-O 12. Qd2 Nd5 13. Rfd1 Rd8 14. Bd3 Bxg5 15. Nxg5 Nf6 16. Nce4 Nxe4 17. Bxe4 h6 18. Nf3 Ne7 19. Qa5 Nd5 20. Bxd5 exd5 21. Re1 Be6 22. Qc5 1/2-1/2

[Event "DFMMLV 2017"]
[Site "Braunfels"]
[Date "2017.06.17"]
[Round "4"]
[White "Gheng, Simona"]
[Black "Schneider, Birgit"]
[Result "1-0"]
[ECO "B20"]
[WhiteElo "1999"]
[BlackElo "1924"]
[Annotator "NA"]
[PlyCount "63"]
[EventDate "2017.??.??"]
[EventType "team-tourn"]
[EventCountry "GER"]
[SourceTitle "playchess.com"]
[Source "ChessBase"]
[SourceQuality "1"]
[TimeControl "40/5400+30:1800+30"]

1. e4 c5 2. c4 Nc6 3. g3 g6 4. Bg2 Bg7 5. Nc3 e6 6. Nge2 Nge7 7. d3 d6 8. O-O O-O 9. a3 Rb8 10. Rb1 a5 {[%emt 0:05:48] LiveBook: 18 Games} 11. Nb5 {[%emt 0:04:17] A36: Symmetrical English vs ...g6: 4 Bg2 Bg7} (11. h3 b6 12. Nb5 Ba6 13. Be3 d5 14. exd5 exd5 15. Bf4 Ne5 16. Qb3 d4 17. Rfe1 Nf5 18. Na7 Bb7 19. Bxe5 Bxe5 20. Bxb7 Rxb7 {½-½ (48) Gurevich,M (2627)-Mista,A (2543) Warsaw 2007}) 11... b6 12. Be3 Bb7 $146 ({Predecessor:} 12... e5 13. Qd2 Be6 14. Nec3 Qd7 15. Nd5 Bxd5 16. exd5 Na7 17. Nc3 b5 18. b4 axb4 19. axb4 cxb4 20. Rxb4 bxc4 21. Rxb8 Rxb8 22. dxc4 {½-½ (42) Wiedenkeller,M (2455)-Horvath,T (2395) Copenhagen 1986}) 13. f4 f5 14. Bf2 Kh8 15. Qc2 e5 16. Rfe1 Nd4 17. Bxd4 exd4 18. Kh1 Qd7 19. Ng1 Ng8 20. h3 ({Better is} 20. exf5 $11 Bxg2+ 21. Qxg2) 20... Rbe8 21. Kh2 h6 ({Black should play} 21... fxe4 $15 22. dxe4 Re7) 22. exf5 Bxg2 23. Qxg2 Rxe1 24. Rxe1 Rxf5 25. Qa8 Rf8 $14 26. Qd5 g5 27. fxg5 Rf2+ 28. Kh1 hxg5 29. Qxg5 Qb7+ 30. Re4 Be5 31. Nf3 Rxf3 32. Rh4+ 1-0

[Event "DFMMLV 2017"]
[Site "Braunfels"]
[Date "2017.06.17"]
[Round "4"]
[White "Frank, Michelle Viviane"]
[Black "Siegl, Melina"]
[Result "0-1"]
[ECO "A88"]
[WhiteElo "1949"]
[BlackElo "1972"]
[Annotator "NA"]
[PlyCount "72"]
[EventDate "2017.??.??"]
[EventType "team-tourn"]
[EventCountry "GER"]
[SourceTitle "playchess.com"]
[Source "ChessBase"]
[SourceQuality "1"]
[TimeControl "40/5400+30:1800+30"]

1. d4 d6 2. Nf3 g6 3. c4 f5 4. Nc3 Nf6 5. g3 Bg7 6. Bg2 O-O 7. O-O c6 8. Qc2 Qe8 {[%emt 0:06:04] LiveBook: 6 Games} 9. d5 {[%emt 0:02:10] A88: Dutch Defence: Leningrad System: 5 Nf3 0-0 6 0-0 d6 7 Nc3 c6} e5 10. dxe6 Bxe6 (10... Qxe6 $11 11. Rd1 Qxc4) 11. Ng5 $146 (11. Bf4 $16) ({Predecessor:} 11. b3 Na6 12. a3 Nc7 13. Bf4 Qe7 14. Rad1 Rad8 15. Rd2 d5 16. cxd5 Ncxd5 17. Nxd5 Bxd5 {0-1 (49) Akobian,V (2606)-Gurevich,M (2634) Beijing 2008}) 11... Bxc4 12. Bf4 Qe7 13. b3 {[%emt 0:00:24] [#]} Ba6 $1 14. Rad1 {[%emt 0:00:33] [#]} d5 $1 15. Rfe1 h6 16. Nf3 Ne4 17. Nxe4 fxe4 18. Nh4 Qf7 ({Don't go for} 18... Rxf4 $2 19. Nxg6 Qb4 20. Nxf4 $18 (20. gxf4 Nd7 $16)) 19. f3 g5 20. fxe4 gxf4 ({Black should play} 20... gxh4 $17 21. exd5 Kh8) 21. exd5 fxg3 22. Ng6 gxh2+ (22... Re8 $17 23. hxg3 Nd7 24. dxc6 Nf6) 23. Kh1 $1 Re8 24. d6 $2 (24. dxc6 $11 {and White has nothing to worry.} bxc6 25. Rd6) 24... Nd7 25. Ne7+ Rxe7 26. dxe7 Qxe7 27. Qf5 Ne5 28. Be4 Bf6 29. Rd2 Bg5 30. Rd6 Rf8 31. Qe6+ Qxe6 32. Rxe6 Ng4 33. Bf3 $19 Nf2+ 34. Kg2 h1=Q+ 35. Rxh1 Nxh1 36. Rd6 Ng3 0-1

[Event "DFMMLV 2017"]
[Site "Braunfels"]
[Date "2017.06.17"]
[Round "4"]
[White "Mehling, Katharina"]
[Black "Heymann-Lobzhanidze, Anna-Luise"]
[Result "1-0"]
[ECO "B07"]
[WhiteElo "1905"]
[BlackElo "1979"]
[Annotator "NA"]
[PlyCount "43"]
[EventDate "2017.??.??"]
[EventType "team-tourn"]
[EventCountry "GER"]
[SourceTitle "playchess.com"]
[Source "ChessBase"]
[SourceQuality "1"]
[TimeControl "40/5400+30:1800+30"]

1. e4 d6 2. d4 Nf6 3. Nc3 g6 4. f3 Bg7 5. Be3 c6 6. Qd2 b5 7. Bh6 Bxh6 8. Qxh6 b4 {[%emt 0:00:22] B07: Pirc Defence: Miscellaneous Systems} 9. Nd1 {[%emt 0:06:21] LiveBook: 10 Games} (9. Nce2 Qa5 10. Nf4 b3+ 11. c3 Qxa2 12. Rc1 Qxb2 13. Nd3 Qa2 {0-1 (13) Matsuura,E (2495)-Santiago,Y (2453) Sao Paulo 2016}) 9... Qa5 10. Kf2 $146 (10. Bc4 $14) ({Predecessor:} 10. Qd2 Nbd7 11. Ne3 c5 12. Nc4 Qc7 13. d5 Nb6 14. a3 Nxc4 15. Bxc4 Rb8 16. Ne2 {½-½ (24) Calavalle,G (2247)-Xia,J (2286) Gallipoli 2017}) 10... c5 (10... g5 $15 11. Ne3 Rg8) 11. e5 Nd5 12. exd6 e6 $2 {[%emt 0:04:21] [#]} ({Better is} 12... Nc6 $14) 13. Nh3 $1 Nd7 {[%emt 0:06:20] [#]} 14. Qg7 $1 Rf8 {[%emt 0:00:11] [#]} 15. Ng5 $1 N7f6 16. Bc4 Nh5 {[%emt 0:06:50] [#]} 17. Qe5 $1 ({And not} 17. Qxh7 Ndf6 $11) 17... Nhf6 18. Nxh7 Nxh7 19. Bxd5 Rb8 20. d7+ Kxd7 21. Qxb8 $18 exd5 22. Qe5 1-0

[Event "DFMMLV 2017"]
[Site "Braunfels"]
[Date "2017.06.17"]
[Round "4"]
[White "Froehlich-Dill, Astrid"]
[Black "Semenova, Alisa"]
[Result "1-0"]
[ECO "D02"]
[WhiteElo "1892"]
[BlackElo "1621"]
[Annotator "NA RC"]
[PlyCount "111"]
[EventDate "2017.??.??"]
[EventType "team-tourn"]
[EventCountry "GER"]
[SourceTitle "playchess.com"]
[Source "ChessBase"]
[SourceQuality "1"]
[TimeControl "40/5400+30:1800+30"]

1. d4 d5 2. Nf3 e6 3. Bf4 c5 4. c3 Nc6 {[%emt 0:01:44] LiveBook: 86 Games} 5. e3 Bd7 {[%emt 0:07:41] D02: 1 d4 d5 2 Nf3 sidelines, including 2...Nf6 3 g3 and 2...Nf6 3 Bf4} (5... Bd6 6. Bg3 Nf6 7. Nbd2 O-O 8. Bb5 Ne7 9. Bd3 Qb6 10. Rb1 Ng6 11. Bxg6 hxg6 12. Bxd6 Qxd6 13. Ne5 b6 14. Qf3 Ba6 15. h4 Nd7 16. Nxd7 Qxd7 {0-1 (38) Gelfand,B (2734)-Inarkiev,E (2730) Magas 2016}) 6. Bd3 c4 7. Bc2 Nf6 8. O-O Be7 9. Nbd2 O-O (9... Nh5 $1 $11) 10. b3 $146 ({Predecessor:} 10. e4 dxe4 11. Ng5 b5 12. Ngxe4 Nd5 13. Bg3 Rc8 14. Qh5 g6 15. Qf3 f5 16. Nd6 {0-1 (24) Zielinski,M (2315)-Skrzypczak,J (2245) Oberhau 1991}) 10... b5 11. bxc4 bxc4 12. e4 Ba3 $2 {[%emt 0:07:36] [#]} (12... Qa5 $15) 13. e5 $1 Nh5 {[%emt 0:11:12] [#]} 14. Be3 $2 ({White has to play} 14. Bxh7+ $1 $18 Kxh7 15. Ng5+ Kg6 16. Be3) 14... f5 15. exf6 Nxf6 16. Rb1 Qa5 17. Ne5 Be8 18. Nxc6 Bxc6 19. Nf3 Bd6 20. Ne5 Be8 21. Rb7 Qxa2 22. Qd2 Qa6 23. Rfb1 Bxe5 24. dxe5 Ng4 25. Bc5 Rf7 26. Rxf7 Bxf7 27. Qg5 Nh6 28. Qe7 Re8 29. Qxa7 Qxa7 30. Bxa7 Ra8 31. Bd4 Nf5 {[%emt 0:00:51] [#]} (31... Bg6 $11 32. Bxg6 hxg6) 32. Bc5 (32. Bxf5 $1 $16 exf5 33. f4) 32... Rc8 (32... Bg6 $11 {remains equal.}) 33. Rb5 (33. Bxf5 $5 exf5 34. Be3 $16) 33... Be8 34. Bxf5 exf5 35. Ra5 Bf7 ({Black should try} 35... Bc6 $14) 36. Bd4 Be6 37. h4 (37. Ra6 $16 Re8 38. f4) 37... Re8 (37... f4 $1 $11) 38. Ra7 g6 ({Black should try} 38... f4 $14) 39. Be3 Kh8 40. Bg5 Kg8 41. Bf6 (41. Kf1 $16) 41... Bf7 42. Rc7 h6 43. f4 h5 (43... Be6 $16) 44. Kf2 Kf8 (44... Be6 $16 {is a better defense.} 45. Ke3 Kf8) 45. Ke3 Kg8 46. Kd4 Kf8 47. Kc5 Kg8 $2 (47... Re6 48. g3 Re8) 48. Be7 Be6 $2 (48... Rb8 49. Rc6 Be8) 49. Kd6 Kf7 50. Ra7 Bc8 51. Bf6+ Kf8 52. Kxd5 Be6+ 53. Kd6 Bf7 54. Bg5 Kg7 55. Be7 Kh8 56. e6 $18 1-0

[Event "DFMMLV 2017"]
[Site "Braunfels"]
[Date "2017.06.17"]
[Round "4"]
[White "Heil, Marina"]
[Black "Busch, Annette"]
[Result "1/2-1/2"]
[ECO "B23"]
[WhiteElo "1890"]
[BlackElo "1637"]
[Annotator "NA RC"]
[PlyCount "73"]
[EventDate "2017.??.??"]
[EventType "team-tourn"]
[EventCountry "GER"]
[SourceTitle "playchess.com"]
[Source "ChessBase"]
[SourceQuality "1"]
[TimeControl "40/5400+30:1800+30"]

1. e4 c5 2. Nc3 e6 3. f4 d5 4. d3 Be7 5. Nf3 dxe4 6. Nxe4 Nf6 7. Nc3 Nc6 8. g3 O-O 9. Bg2 Bd7 10. Qe2 (10. O-O $11) 10... Rc8 (10... Nd4 $5 11. Qd2 Bc6 $15) 11. b3 (11. Ne5 $11) 11... Nd4 12. Qd2 Bc6 13. O-O Nxf3+ 14. Bxf3 Nd5 15. Ne4 Nf6 ({Black should try} 15... f5 $17 16. Ng5 Bf6) 16. Qe2 Nxe4 17. dxe4 Qb6 (17... c4 $5) 18. c4 Rfd8 19. Bb2 Qb4 20. Rf2 Rd7 21. Qc2 Rcd8 22. Bc3 Qb6 23. Qb2 g6 24. Re1 Qc7 25. Bh8 Bf8 26. Bc3 b5 27. cxb5 Bxb5 28. Rc1 Qb6 29. Bf6 Be7 30. Bxe7 Rxe7 31. Kg2 Red7 32. Rfc2 Ba6 33. Qc3 Rd3 34. Qe1 Qd6 (34... R8d4 $17) 35. e5 Qd4 36. Rxc5 $2 (36. h4 $11 {and White is okay.}) 36... Rd2+ 37. Kh3 $19 1/2-1/2

[Event "DFMMLV 2017"]
[Site "Braunfels"]
[Date "2017.06.17"]
[Round "4"]
[White "Mao, Yvonne"]
[Black "Rogozenco, Teodora"]
[Result "1-0"]
[ECO "B28"]
[WhiteElo "1863"]
[BlackElo "2147"]
[Annotator "NA"]
[PlyCount "63"]
[EventDate "2017.??.??"]
[EventType "team-tourn"]
[EventCountry "GER"]
[SourceTitle "playchess.com"]
[Source "ChessBase"]
[SourceQuality "1"]
[TimeControl "40/5400+30:1800+30"]

1. e4 c5 2. Nf3 a6 3. c4 b6 4. d4 cxd4 5. Nxd4 Bb7 6. Nc3 g6 7. Be3 Bg7 8. Be2 Nc6 9. Qd2 d6 10. O-O Nf6 11. f3 O-O 12. Nc2 $16 Rc8 13. Rac1 Nd7 14. Rfd1 Na5 15. b3 b5 16. Nd5 bxc4 17. Nxe7+ Qxe7 18. Qxa5 cxb3 19. axb3 Bb2 20. Rb1 Rxc2 21. Bd3 Rfc8 22. Bxc2 Rxc2 23. Rxb2 Rxb2 24. Qc3 Ra2 25. Bh6 Nf6 26. e5 dxe5 27. Qb4 Qe8 28. Qxb7 e4 29. Qb6 Qe5 30. Qd6 Qxd6 31. Rxd6 e3 32. Rd8+ 1-0

[Event "DFMMLV 2017"]
[Site "Braunfels"]
[Date "2017.06.17"]
[Round "4"]
[White "Mao, Yvonne"]
[Black "Schmidt, Jade"]
[Result "*"]
[ECO "B28"]
[WhiteElo "1863"]
[BlackElo "2058"]
[Annotator "NA RC"]
[PlyCount "27"]
[EventDate "2017.??.??"]
[EventType "team-tourn"]
[EventCountry "GER"]
[SourceTitle "playchess.com"]
[Source "ChessBase"]
[SourceQuality "1"]
[TimeControl "40/5400+30:1800+30"]

1. e4 c5 2. Nf3 a6 3. c4 b6 4. d4 cxd4 5. Nxd4 Bb7 6. Nc3 g6 7. Be3 Bg7 8. Be2 Nc6 9. Qd2 d6 10. O-O Nf6 11. f3 O-O 12. Nc2 $16 Rc8 13. Rac1 Nd7 14. Rfd1 *

[Event "DFMMLV 2017"]
[Site "Braunfels"]
[Date "2017.06.17"]
[Round "4"]
[White "Liez, Franziska"]
[Black "Damrich, Alina"]
[Result "1-0"]
[ECO "B06"]
[WhiteElo "1844"]
[BlackElo "1744"]
[Annotator "NA"]
[PlyCount "63"]
[EventDate "2017.??.??"]
[EventType "team-tourn"]
[EventCountry "GER"]
[SourceTitle "playchess.com"]
[Source "ChessBase"]
[SourceQuality "1"]
[TimeControl "40/5400+30:1800+30"]

1. e4 g6 2. d4 d6 3. Nc3 Bg7 4. Be3 Nf6 5. f3 c6 6. Qd2 {[%emt 0:01:43] LiveBook: 463 Games} O-O 7. O-O-O b5 8. Bh6 a5 {[%emt 0:05:00] [#]} (8... Qa5 $14) 9. Bxg7 (9. h4 $1 $16) 9... Kxg7 10. g4 {[%emt 0:01:57] B07: Pirc Defence: Miscellaneous Systems} b4 $146 ({Predecessor:} 10... a4 11. Nb1 Qa5 12. Qxa5 Rxa5 13. a3 c5 14. d5 b4 15. h4 h5 16. g5 Ne8 17. c3 bxa3 18. Nxa3 {0-1 (59) Jelisavcic,S (2117)-Tasic,V (2241) Vrnjacka Banja 2008}) 11. Na4 Ba6 12. Bxa6 Nxa6 13. h4 h5 14. gxh5 Nxh5 15. Ne2 e5 16. Qe3 Qe7 17. Rdg1 c5 18. dxe5 dxe5 19. Ng3 Nxg3 20. Rxg3 Rh8 $16 21. h5 Rh7 22. Rgh3 Rah8 23. h6+ Kf8 24. Nb6 f6 25. Nd5 Qe6 26. f4 c4 27. fxe5 fxe5 28. Rf1+ Rf7 29. Rxf7+ Kxf7 30. Rf3+ Kg8 31. Rf6 Qe8 32. Rxa6 1-0

[Event "DFMMLV 2017"]
[Site "Braunfels"]
[Date "2017.06.17"]
[Round "4"]
[White "Hielscher, Ursula"]
[Black "Bakalarz, Grazyna"]
[Result "1/2-1/2"]
[ECO "D94"]
[WhiteElo "1835"]
[BlackElo "1946"]
[Annotator "NA RC"]
[PlyCount "132"]
[EventDate "2017.??.??"]
[EventType "team-tourn"]
[EventCountry "GER"]
[SourceTitle "playchess.com"]
[Source "ChessBase"]
[SourceQuality "1"]
[TimeControl "40/5400+30:1800+30"]

1. d4 Nf6 2. c4 g6 3. Nc3 d5 4. e3 Bg7 5. Nf3 O-O 6. Bd3 dxc4 7. Bxc4 c5 8. O-O cxd4 9. Nxd4 a6 10. h3 {[%emt 0:10:50] D94: Grünfeld: 4 Nf3 Bg7 5 e3} (10. a4 Qc7 11. b3 Nbd7 12. Bb2 Nb6 13. Bd3 Rd8 14. Rc1 e5 15. Nf3 Qe7 16. Qc2 Bg4 17. a5 Nbd5 18. Nxd5 Rxd5 {½-½ (27) Reinderman,D (2584)-Ernst,S (2535) Amsterdam 2016}) 10... Qc7 11. Bb3 e5 12. Nf3 Nc6 13. e4 $146 ({Predecessor:} 13. Qe2 b5 14. Rd1 Bb7 15. Nd5 Nxd5 16. Bxd5 Nb4 17. Bxb7 Qxb7 {1-0 (49) Ruiz Ruiz,V (2035)-Bartucevic Sanchez,D (2083) Santiago de Chile 2007}) 13... Rd8 14. Qe2 Nd4 15. Nxd4 exd4 16. Nd5 Nxd5 17. Bxd5 Bd7 18. Bg5 Re8 19. Rac1 Qa5 20. Qf3 Be6 21. b4 Qxb4 22. Rb1 Qa5 23. Rxb7 Bxd5 $2 (23... Rab8 $16 {is a better defense.} 24. Rxf7 Bxd5 25. exd5 Qb6) 24. exd5 f5 25. d6 Qe5 26. Qb3+ Kh8 27. d7 Rf8 28. d8=Q Raxd8 29. Bxd8 Rxd8 30. Rb1 h5 31. Rb8 Rxb8 32. Qxb8+ Kh7 33. Qxe5 Bxe5 34. Kf1 Kh6 35. Rb6 d3 36. Rxa6 Kg5 37. g3 f4 38. Ra5 Kf6 39. Rd5 fxg3 40. fxg3 Bxg3 41. Rxd3 Bc7 42. a4 Ke6 43. Ke2 g5 44. Kf3 Ba5 45. Rb3 Bd2 46. Rb5 Kd6 47. Ke4 Kc6 48. Rd5 Bc1 49. a5 Bf4 50. Rf5 Bd2 51. Kd3 Bc1 52. Kc4 Bd2 53. Rf6+ Kb7 54. Kb5 (54. a6+ $142 Ka7 55. Kb5) 54... Be3 55. Rf7+ Kb8 56. Kc6 Bd2 57. a6 Be3 58. Re7 Bf2 59. Re5 g4 60. Rxh5 $2 (60. Rb5+ Ka8 61. Rxh5 gxh3 62. Rh8+ Ka7 63. Rxh3) 60... gxh3 61. Rxh3 Bg1 62. Rb3+ Ka7 63. Rb7+ Ka8 64. Rg7 Bf2 65. Kb5 Bd4 $18 66. Rd7 Bf2 1/2-1/2

[Event "DFMMLV 2017"]
[Site "Braunfels"]
[Date "2017.06.17"]
[Round "4"]
[White "Hartmann, Cora"]
[Black "Rempel, Yana"]
[Result "0-1"]
[ECO "B27"]
[WhiteElo "1788"]
[BlackElo "2059"]
[Annotator "NA RC"]
[PlyCount "74"]
[EventDate "2017.??.??"]
[EventType "team-tourn"]
[EventCountry "GER"]
[SourceTitle "playchess.com"]
[Source "ChessBase"]
[SourceQuality "1"]
[TimeControl "40/5400+30:1800+30"]

1. e4 c5 2. Nf3 g6 3. d3 Bg7 4. g3 Nc6 5. Bg2 e6 6. O-O Nge7 7. Nbd2 O-O 8. Re1 d6 9. Nf1 e5 {[%emt 0:04:54] A04: Unusual lines after 1 Nf3 and King's Indian Attack} 10. h4 {[%emt 0:09:26] LiveBook: 4 Games} f5 11. c3 h6 12. N3h2 Qe8 $146 ({Predecessor:} 12... f4 13. Bf3 Bd7 14. Bg4 Be8 15. Nf3 Kh8 16. N1h2 d5 17. Qe2 fxg3 18. fxg3 {0-1 (30) Ivanov,A (2481)-Motylev,A (2705) Dagomys 2010}) 13. Ne3 Qf7 14. Rf1 f4 15. Nc4 Qe6 16. h5 b5 17. Nd2 Bd7 18. g4 (18. Kh1 $15) 18... Qf7 19. Bf3 Nd8 20. c4 Ne6 21. cxb5 Bxb5 22. Nc4 Rad8 23. Bd2 Nd4 24. b3 Qf6 25. Bc3 Nxf3+ 26. Nxf3 Bd7 27. Nh2 gxh5 28. gxh5 f3 29. Kh1 Bh3 30. Rg1 Qh4 31. Qd2 Qxh5 32. Rg3 Bg2+ 33. Kg1 Ng6 34. Ne3 Nf4 35. Nxg2 Ne2+ ({Don't take} 35... Nxg2 36. Rf1 $17) 36. Kf1 Nxg3+ 37. fxg3 Qxh2 $19 0-1

[Event "DFMMLV 2017"]
[Site "Braunfels"]
[Date "2017.06.17"]
[Round "4"]
[White "Antczak, Lena"]
[Black "Lukas, Anne"]
[Result "0-1"]
[ECO "B23"]
[WhiteElo "1754"]
[BlackElo "1870"]
[Annotator "NA"]
[PlyCount "66"]
[EventDate "2017.??.??"]
[EventType "team-tourn"]
[EventCountry "GER"]
[SourceTitle "playchess.com"]
[Source "ChessBase"]
[SourceQuality "1"]
[TimeControl "40/5400+30:1800+30"]

1. e4 c5 2. Nc3 Nc6 3. f4 g6 4. Nf3 Bg7 5. g3 d6 6. Bg2 e6 7. d3 Nge7 8. O-O O-O 9. Ne2 d5 {[%emt 0:00:23] B25: Closed Sicilian: 3 g3, lines without early Be3} (9... b6 10. c3 Ba6 11. Rb1 Qd7 12. b4 Nd8 13. Be3 Rc8 14. a4 f5 15. b5 Bb7 16. Nd2 Nf7 17. Qb3 fxe4 18. dxe4 d5 {½-½ (55) Cori Tello,J (2549)-Hamitevici,V (2467) Tromsoe 2014}) 10. e5 d4 11. g4 Rb8 $146 ({Predecessor:} 11... f6 12. exf6 Bxf6 13. Ng3 Nd5 14. Qe2 Qc7 15. Ng5 Bxg5 16. fxg5 Rxf1+ 17. Qxf1 {½-½ (66) Kaulfuss,H (2214)-Rapoport,V (2271) Germany 2008}) 12. Ng3 Qc7 13. Ne4 Nd5 14. Qe1 f6 15. exf6 Nxf6 16. Nxc5 Qe7 17. Nb3 Nxg4 18. Qh4 Qxh4 19. Nxh4 {[%emt 0:07:51] [#]} Nb4 $1 20. h3 Ne3 21. Bxe3 dxe3 22. Nf3 $19 (22. Rae1 $142) 22... Bxb2 23. Rab1 Bc3 24. Nbd4 Nd5 25. Ne2 Bg7 26. Ng5 Nc3 27. Rbe1 Nxa2 28. Ne4 Nb4 29. Rc1 a5 30. c3 Nxd3 31. Ra1 b6 32. Rf3 e5 33. Rxe3 Nxf4 0-1